Map: World of Sleepers LE

Players

Stephano - Winner!

  • Race: Zerg Zerg
  • Spawn Location: 1:00

Gerald

  • Race: Protoss Protoss
  • Spawn Location: 7:00

VOD

Have the link to the VOD?

Description

Time

  • Played on: Sept. 6, 2019, 8:04 p.m.
  • Length: 7:24
Show
View Real Time Build Order
Export as new Build Order

Stephano Zerg - Winner!

Build Orders: Hatch First 

Get SALT Encoding   

  12  0:00  Drone  
  13  0:12  Overlord  
  13  0:17  Drone  
  14  0:30  Drone x2  
  16  0:48  Hatchery  
  15  0:51  Drone  
  15  0:55  Drone  
  17  0:58  Drone  
  18  1:08  Extractor  
  17  1:13  Spawning Pool  
  17  1:16  Drone  
  17  1:19  Drone  
  18  1:28  Drone  
  19  1:39  Drone  
  20  1:52  Drone  
  21  2:00  Zergling x2, Queen x2  
  21  2:01  Overlord  
  26  2:11  Drone x2  
  28  2:24  Hatchery  
  28  2:25  Drone  
  28  2:26  Drone  
  29  2:33  Drone x2  
  31  2:37  Queen  
  31  2:43  Overlord  
  33  2:47  Metabolic Boost  
  33  2:49  Drone  
  34  2:54  Drone x2  
  36  3:04  Overlord  
  36  3:07  Drone x4  
  36  3:10  Overlord  
  40  3:16  Overlord  
  40  3:24  Queen  
  40  3:26  Spore Crawler, Drone  
  42  3:29  Drone  
  42  3:30  Evolution Chamber  
  42  3:32  Spore Crawler  
  41  3:34  Drone  
  41  3:37  Drone  
  43  3:41  Drone  
  43  3:42  Drone  
  43  3:43  Spore Crawler  
  44  3:49  Drone x3  
  44  3:53  Drone x3  
  50  3:57  Zerg Melee Weapons Level 1  
  50  4:09  Drone x6  
  54  4:15  Queen  
  54  4:16  Drone x2  
  58  4:18  Overlord  
  58  4:20  Zergling x2  
  58  4:21  Zergling x2  
  58  4:23  Zergling x2  
  61  4:28  Unknown  
  60  4:34  Roach Warren  
  60  4:35  Zergling x8  
  62  4:42  Overlord  
  62  4:45  Overlord  
  62  4:47  Queen  
  62  4:51  Overlord  
  62  4:52  Overlord  
  63  5:01  Overlord  
  62  5:14  Roach x7  
  76  5:26  Roach x9  
  91  5:34  Zergling x8  
  93  5:45  Zergling x6  
  96  5:51  Zergling x14  
  96  5:53  Ravager x2  
  96  5:56  Ravager  
  106  6:00  Zergling x2  
  104  6:05  Ravager, Queen  
  104  6:07  Queen  
  104  6:08  Zergling x4  
  111  6:13  Zergling x2  
  111  6:14  Zergling x4  
  113  6:21  Overlord  
  113  6:24  Lair  
  113  6:26  Overlord  
  113  6:31  Zergling x10  
  107  6:39  Zergling x6  
  101  6:45  Ravager x2  
  99  6:47  Zergling x10  
  104  6:54  Zergling x2  
  101  7:06  Drone x3  
Show
View Real Time Build Order
Export as new Build Order

Gerald Protoss 

Build Orders: 1 Gate Expand, Oracle Opening 

Get SALT Encoding   

  12  0:00  Probe  
  13  0:13  Probe  
  14  0:21  Pylon  
  14  0:25  Probe  
  15  0:30  Assimilator  
  15  0:36  Probe  
  16  0:44  Probe  
  16  0:45  Gateway  
  17  0:53  Probe  
  18  1:05  Probe  
  19  1:17  Probe  
  20  1:24  Nexus  
  20  1:32  Cybernetics Core  
  20  1:35  Probe  
  21  1:42  Assimilator  
  21  1:48  Probe  
  21  1:50  Pylon  
  22  1:58  Adept  
  22  2:00  Probe  
  23  2:12  Stargate  
  23  2:13  Probe  
  26  2:19  Stalker  
  26  2:25  Probe  
  26  2:29  Warp Gate  
  29  2:36  Probe  
  30  2:37  Probe  
  31  2:47  Oracle  
  31  2:48  Probe  
  31  2:49  Probe  
  36  3:00  Probe  
  36  3:02  Probe  
  38  3:12  Gateway  
  38  3:13  Probe  
  38  3:14  Probe  
  38  3:15  Oracle  
  38  3:16  Pylon  
  40  3:25  Probe  
  44  3:29  Probe  
  44  3:33  Assimilator x2  
  45  3:37  Probe  
  45  3:41  Probe  
  47  3:42  Oracle  
  47  3:49  Probe  
  47  3:53  Probe  
  52  4:01  Probe  
  53  4:05  Probe  
  54  4:12  Robotics Facility  
  54  4:15  Forge  
  54  4:16  Gateway  
  54  4:20  Pylon  
  54  4:31  Nexus  
  54  4:34  Pylon  
  54  4:38  Probe x2  
  56  4:45  Gateway, Twilight Council  
  56  4:50  Probe x2  
  58  4:53  Adept, Protoss Ground Weapons Level 1  
  58  4:54  Zealot  
  62  5:02  Probe x2  
  62  5:06  Pylon  
  64  5:08  Immortal  
  68  5:14  Probe  
  68  5:15  Probe  
  70  5:25  Stalker  
  70  5:26  Probe, Charge  
  70  5:27  Probe  
  71  5:38  Immortal  
  71  5:39  Probe  
  71  5:41  Templar Archives, Probe  
  73  5:43  Probe  
  78  5:51  Probe  
  78  5:53  Pylon  
  78  5:54  Probe  
  80  5:58  Stalker x2  
  80  6:01  Shield Battery  
  84  6:05  Sentry x2  
  84  6:07  Shield Battery  
  88  6:17  Immortal  
  88  6:22  Zealot x2  
  88  6:25  Shield Battery  
  96  6:26  Shield Battery  
  90  6:36  Zealot x2  
  82  6:45  Zealot  
  74  6:47  Probe, Sentry  
  68  6:57  Zealot x2  
  68  6:58  Probe x2  
  68  7:00  Probe  
  70  7:05  Gateway  
  73  7:08  Gateway  
  63  7:20  Zealot x2  
Tags
 
Add a new tag
Caveats
  • Supply blocks, unpowered buildings, or Contaminate may cause inaccurate times.
  • Supply counts are checked every 10 seconds.